 Dungeon Crawl Stone Soup version 0.18-a0-29-gce27f3c (webtiles) character file.

33 UristPineapples the Conjurer (level 3, -2/26 HPs)
             Began as a Demigod Conjurer on Nov 4, 2015.
             Killed from afar by Robin (4 damage)
             ... with a wand of frost
             ... on level 2 of the Dungeon.
             The game lasted 00:05:31 (1189 turns).

UristPineapples the Conjurer (Demigod Conjurer)     Turns: 1189, Time: 00:05:31

Health: -2/26      AC:  3    Str: 11    XL:     3   Next: 0%
Magic:  2/8        EV: 12    Int: 21    God:
Gold:   130        SH:  0    Dex: 16    Spells: 2 memorised, 2 levels left

rFire  . . .     SeeInvis .     r - +1 hand axe (flame)
rCold  . . .     Clarity  .     a - +0 robe
rNeg   . . .     SustAt   +     (no shield)
rPois  .         Gourm    .     (no helmet)
rElec  .         Spirit   .     s - +0 cloak
rCorr  .         Warding  .     (no gloves)
rMut   .         Stasis   .     (no boots)
MR     .....                    (no amulet)
Stlth  ++........               (no ring)
                                (no ring)

@: not resistant to hostile enchantments, unstealthy
A: high mp 1, sustain attributes
a: no special abilities


You were on level 2 of the Dungeon.
You were not hungry.

You visited 1 branch of the dungeon, and saw 2 of its levels.

You collected 130 gold pieces.

Inventory:

Hand Weapons
 r - a +1 hand axe of flaming (weapon)
Missiles
 m - 2 throwing nets (quivered)
Armour
 a - a +0 robe (worn)
 s - a +0 cloak (worn)
Jewellery
 e - an uncursed ring of positive energy {unknown}
Wands
 j - a wand of confusion (29)
Scrolls
 d - a scroll of teleportation {unknown}
 f - a scroll of enchant armour {unknown}
 h - 2 scrolls of remove curse {unknown}
 i - 2 scrolls of identify {unknown}
 n - a scroll of enchant weapon {unknown}
 p - a scroll of immolation {unknown}
Potions
 l - a potion of cure mutation {unknown}
 o - a potion of lignification {unknown}
Books
 b - a book of Conjurations

   Spells                             Type                      Level
   a - Magic Dart                     Conjuration                  1
   b - Searing Ray                    Conjuration                  2
   c - Dazzling Spray                 Conjuration/Hexes            3
   d - Fulminant Prism                Conjuration/Hexes            4
   e - Iskenderun's Mystic Blast      Conjuration                  4
   f - Iskenderun's Battlesphere      Conjuration/Charms           5
Comestibles
 c - 3 bread rations
 g - 4 chunks of flesh
 k - a slice of pizza
 q - a royal jelly


   Skills:
 - Level 1.7 Dodging
 - Level 1.7 Stealth
 - Level 1.7 Spellcasting
 * Level 4.5 Conjurations


You had 2 spell levels left.
You knew the following spells:

 Your Spells              Type           Power        Failure   Level  Hunger
a - Magic Dart            Conj           ###.         1%          1    #......
b - Searing Ray           Conj           ###...       3%          2    ###....


Dungeon Overview and Level Annotations

Branches:
Dungeon (2/15)

Annotations:
D:2 Jessica, Robin


Innate Abilities, Weirdness & Mutations

You have an increased reservoir of magic (+10% MP).
Your attributes are resistant to harm.


Message History

Aiming: Searing Ray
Press: ? - help, Shift-Dir - straight line, f/p - Robin
Aim: Robin, wielding a club, wearing an animal skin, wearing a helmet and carrying a wand of frost {zapped: 1} The searing ray hits Robin.
A hobgoblin comes into view. It is wielding a club.
The searing ray misses Robin.
Robin roars a battlecry!
The hobgoblin goes into a battle-frenzy!
Robin zaps a wand.
The puff of frost hits you!
You hear a shout!
The hobgoblin shouts!
You hear a shout!
The searing ray hits Robin.
Robin is moderately wounded.
Robin zaps a wand.
The puff of frost hits you!
* * * LOW HITPOINT WARNING * * *
Unknown command.
The searing ray hits Robin.
Robin is severely wounded.
Robin roars a battlecry!
Robin zaps a wand.
The puff of frost hits you!
You die...

. #.## ####...........P.P.
.#######.# #####........_..
.......#.# #### #.......P.P.
.......#.#
##..#######..........
.......#.###...[..s...)......#.
##.#.##........#####..รท...###
#..........#..# #.#....#
.#...##...##..#####...###).....
..............g.@...## .......
.###...)..g..######## #......
............######## ......
.................... ......
.................... ......
..##...#.#.......... ..
##..#.#........S. .
........g........ ( ... .
##.....#.......... ....#


You could see Robin and a hobgoblin (frenzied).

Vanquished Creatures
  2 bats (D:1)
  2 giant cockroaches (D:2)
  4 hobgoblins
  4 jackals (D:1)
  A ball python (D:1)
  A giant newt (D:2)
  7 goblins
  4 kobolds
  9 rats
34 creatures vanquished.

Notes
Turn   | Place    | Note
--------------------------------------------------------------
     0 | D:1      | UristPineapples the Demigod Conjurer began the quest for the Orb.
     0 | D:1      | Reached XP level 1. HP: 14/14 MP: 5/5
   212 | D:1      | Reached skill level 4 in Conjurations
   280 | D:1      | Reached XP level 2. HP: 20/20 MP: 5/7
   284 | D:1      | Learned a level 2 spell: Searing Ray
   827 | D:2      | Noticed Robin
  1008 | D:2      | Found a blossoming altar of Fedhas.
  1133 | D:2      | Noticed Jessica
  1148 | D:2      | Reached XP level 3. HP: 26/26 MP: 5/8
  1189 | D:2      | Killed from afar by Robin

Vault maps used:
D:1:      dpeg_arrival_connections, minivault_14
D:2:      nicolae_overflow_hidden_temple, grunt_ministairs_1, fedhas_altar_1,
          uniq_iyjb, uniq_crazy_yiuf_cottage, uniq_robin, uniq_jessica

Action                   || total
-------------------------++-------
Melee: Hand axe          ||    10
       Club              ||     2
 Cast: Magic Dart        ||    56
       Searing Ray       ||     4
  Eat: Chunk             ||     2
